cohdb
Replays
Latest Replays
All Replays
Popular Replays
Top Player Replays
Match Explorer
How It Works
Community
CoH3 Stats
Reddit
Sign in to upload your games and track your stats! →
Sign in with Steam
Match 38109598
Unlisted
Match 38109598
Overview
Messages
Build Orders
End
Construct Section Command Post
Vickers Machine Gun Team
Selects Air and Sea Battlegroup
Dingo Light Scout Car
Infantry Section
Infantry Section
Selects Supply Surplus
Construct Field Infirmary
Infantry Section
Grenade Package
Forward Retreat Point
看个鸟
鲜榨果汁
小虚空
만년 뉴비
Bobokhan
昌江县县委书记
Voodoo408
hifuj1335
0
0
Comments
sign in to comment!
No comments posted yet!